 Dungeon Crawl Stone Soup version 0.28-a0-1510-gd0f6b136d3 (webtiles) character file.

Game seed: 2617331351517915838

1 bladeefan the Grave Robber (level 1, 0/13 HPs)
             Began as a Demonspawn Necromancer on Jan 15, 2022.
             Slain by a quokka (5 damage)
             ... on level 1 of the Dungeon.
             The game lasted 00:00:23 (100 turns).

bladeefan the Grave Robber (Demonspawn Necromancer)  Turns: 100, Time: 00:00:23

Health: 0/13       AC:  2    Str:  8    XL:     1   Next: 16%
Magic:  2/3        EV: 12    Int: 16    God:
Gold:   0          SH:  0    Dex: 13    Spells: 3/4 levels left

rFire   . . .      SeeInvis .   (no weapon)
rCold   . . .      Faith    .   (no shield)
rNeg    . . .      Spirit   .   a - +0 robe
rPois   .          Reflect  .   (no helmet)
rElec   .          Harm     .   (no cloak)
rCorr   .          Rampage  .   (no gloves)
Will    .....                   (no boots)
Stlth   ++........              (no amulet)
HPRegen 0.04/turn               (no ring)
MPRegen 0.08/turn               (no ring)

@: no status effects
A: no striking features
a: no special abilities


You were on level 1 of the Dungeon.
You visited 1 branch of the dungeon, and saw 1 of its levels.

Inventory:

Armour
 a - a +0 robe (worn)
Scrolls
 b - 2 scrolls of identify {unknown}


   Skills:
 + Level 1.8 Dodging
 + Level 1.8 Stealth
 * Level 2.0 Spellcasting
 + Level 4.4 Necromancy


You had 3 spell levels left.
You knew the following spells:

 Your Spells              Type           Power      Damage    Failure   Level
a - Pain                  Necr           60%        1d7       3%          1

Your spell library contained the following spells:

 Spells                   Type           Power      Damage    Failure   Level
 Animate Skeleton         Necr           30%        N/A       3%          1
 Vampiric Draining        Necr           15%        2d7       11%         3
 Animate Dead             Necr           7%         N/A       34%         4
 Agony                    Necr           15%        N/A       67%         5


Dungeon Overview and Level Annotations

Branches:
Dungeon (1/15)

Altars:


Message History

Options error: Bad channel -- food (~/.crawlrc:4446) Options error: Bad channel -- rotten_meat (~/.crawlrc:4463) Welcome, bladeefan the Demonspawn Necromancer.
The sublime Orb of Zot lies far below, as if waiting for you to find it.
Found a staircase leading out of the dungeon.
You open the door.
There is an open door here.
You open the door.
There is an open door here.
Found 20 stones.
You see here 20 stones.
You open the large door.
Key pressed, stopping explore.
There is a large open door here.
Found a scroll labelled JIL ZIFRIRPHE.
Found a club and a scroll labelled JIL ZIFRIRPHE.
b - a scroll labelled JIL ZIFRIRPHE
b - 2 scrolls labelled JIL ZIFRIRPHE (gained 1)
You open the door.
There is an open door here.
As you open the door, it creaks loudly!
A kobold comes into view. It is wielding a +0 whip.
The kobold shouts!
A quokka comes into view.
Found 6 gold pieces.
There are monsters nearby!
The kobold writhes in agony.
You kill the kobold!
The quokka writhes in agony.
A quokka is nearby!
A quokka is nearby!
A quokka is nearby!
A quokka is nearby!
A quokka is nearby!
The quokka writhes in agony.
The quokka bites you.
* * * LOW HITPOINT WARNING * * *
The quokka bites you.
* * * LOW HITPOINT WARNING * * *
There is an open door here.
The quokka closely misses you. The quokka closely misses you.
The quokka bites you.
* * * LOW HITPOINT WARNING * * *
Found an escape hatch in the floor.
The quokka twitches its whiskers.
The quokka closely misses you.
The quokka twitches its whiskers.
The quokka bites you.
You die...

#.# #.# #.....# #.#
#.....# #.# #.....#
#.# #.....# ###.####
#.....# .......##
#..>.
######..######.#####
##........r@..#
#..#########..#
#..## ..# #..##
####### ...
#.##.##.....## ##..#
#.#.##.#####.##.# .#
###
#.#.#.##...##.#.# #
..#
#.#.#.'.#.#.#.#.#
..#
#.#.#≈#.#<#≈#.#.#


You could see a quokka.

Vanquished Creatures
  A kobold (D:1)
1 creature vanquished.

Notes
Turn   | Place    | Note
-------+----------+-------------------------------------------
     0 | D:1      | bladeefan the Demonspawn Necromancer began the quest for
                  | the Orb.
     0 | D:1      | Reached XP level 1. HP: 13/13 MP: 3/3
   100 | D:1      | Slain by a quokka

Illustrated notes

Levels and vault maps discovered:
D:1:      evilmike_arrival_rings, layout_basic,
          shapermc_ecumenical_altar_ellora, hex_tiny

Action                   || total
-------------------------++-------
 Cast: Pain              ||     3
Dodge: Dodged            ||     3

Table legend: (Time is in decaauts)
 A = Elapsed time spent in this place.
 B = Non-inter-level travel time spent in this place.
 C = Inter-level travel time spent in this place.
 D = Time resting spent in this place.
 E = Time spent auto-exploring this place.
 F = Levels seen in this place.
 G = Mean time per level.
                   A        B        C        D        E       F      G
               +--------+--------+--------+--------+--------+-----+--------+
         Total |    100 |    100 |      0 |      0 |     60 |   1 |  100.0 |
       Dungeon |    100 |    100 |      0 |      0 |     60 |   1 |  100.0 |
               +--------+--------+--------+--------+--------+-----+--------+

Top non-repeatable levels by time:
     D:1: 100 daAuts
